Map: 凯罗斯中转站-天梯版

Players

Lambo - Winner!

  • Race: Zerg Zerg
  • League: Platinum

PtitDrogo

  • Race: Protoss Protoss
  • League: Platinum

Event: WESG 2018 Grand Finals

VOD

Have the link to the VOD?

Description

Time

  • Played on: March 14, 2019, 2:04 a.m.
  • Length: 2:21

All games in this series

Show
View Real Time Build Order
Export as new Build Order

Lambo Zerg - Winner!

Build Orders: Pool First 

Get SALT Encoding   

  12  0:17  Spawning Pool  
  11  0:21  Drone  
  11  0:26  Drone  
  13  0:30  Drone  
  14  0:39  Overlord  
  14  1:03  Zergling x4  
  16  1:04  Zergling x2  
  17  1:15  Zergling x2  
  18  1:21  Hatchery  
  17  1:26  Zergling x2  
  18  1:33  Queen  
  20  1:40  Drone  
  21  1:53  Overlord  
  21  1:59  Drone  
Show
View Real Time Build Order
Export as new Build Order

PtitDrogo Protoss 

Build Orders: 1 Gate Expand 

Get SALT Encoding   

  12  0:00  Probe  
  13  0:13  Probe  
  14  0:19  Pylon  
  14  0:25  Probe  
  14  0:27  Assimilator  
  15  0:34  Probe  
  15  0:42  Probe  
  16  0:43  Gateway  
  17  0:51  Probe  
  18  1:03  Probe  
  19  1:15  Probe  
  20  1:24  Nexus  
  20  1:33  Cybernetics Core  
  20  1:36  Probe  
  21  1:41  Assimilator  
  21  1:51  Pylon  
Tags
 
Add a new tag
Caveats
  • Supply blocks, unpowered buildings, or Contaminate may cause inaccurate times.
  • Supply counts are checked every 10 seconds.